 Dungeon Sprint DCSS version 0.32-a0-391-gce5c0aab1b (webtiles) character file.

Game seed: 3119676829493106757

0 shadowstone the Sneak (level 1, -14/1 (16) HPs)
             Began as a Coglin Brigand on Feb 20, 2024.
             Was an Initiate of Lugonu.
             Demolished by a large abomination (15 damage)
             ... in the Dungeon (Sprint V: "Ziggurat Sprint").
             The game lasted 00:04:38 (232 turns).

shadowstone the Sneak (Coglin Brigand)               Turns: 232, Time: 00:04:39

HP:   -14/1 (16)    AC: 26    Str: 23    XL:     1   Next: 0%
MP:   1/1           EV:  6    Int: 10    God:    Lugonu [......]
Gold: 0             SH:  0    Dex: 13    Spells: 0/0 levels left

rFire   . . .        l - +16 obsidian axe {drain, demonic, Mesm ^Drain Fly SInv}
rCold   . . .        I - +11 Singing Sword {sonic wave}
rNeg    . . .        E - +15 Maxwell's patent armour {-Cast -Tele rElec Will+ rCorr}
rPois   .            (no helmet)
rElec   +            c - +0 cloak
rCorr   +            (no gloves)
SInv    +            (no boots)
Will    +....        (no amulet) Stlth
                     r - +6 ring of strength
HPRegen 0.20/turn    q - +6 ring of strength
MPRegen 0.07/turn

%: no teleportation, no spellcasting
@: flying, mesmerised, extremely drained, revving, stiff-legged, very slow
A: off-hand wielding, slow wielding, warmup strikes, warmup strides, clumsy 1
a: Renounce Religion


You were in the Dungeon.
You worshipped Lugonu.
Lugonu was noncommittal.
You visited 1 branch

Inventory:

Hand Weapons
 l - the +16 obsidian axe (weapon) {drain, demonic, Mesm ^Drain Fly SInv}
   (You found it in the Dungeon)

   Mesm:      Its wielder is mesmerised by any visible foes, and it cannot be
   unequipped while any foes are visible.
   SInv:      It lets you see invisible.
   Fly:       It grants you flight.
   ^Drain:    It drains your maximum health when unequipped.
 D - the +27 heavy crossbow "Sniper" {heavy, Acc+∞ SInv}
   (You found it in the Dungeon)

   Acc+∞: It never misses its target.
   SInv:      It lets you see invisible.
 G - the +13 scythe of Curses {drain, curses, ^Drain}
   (You found it in the Dungeon)

   ^Drain:    It drains your maximum health when unequipped.
 H - the +11 plutonium sword {^Contam Stlth-}
   (You found it in the Dungeon)

   ^Contam:   It causes magical contamination when unequipped.
   Stlth-:    It makes you less stealthy.
 I - the +11 Singing Sword (worn) {sonic wave}
   (You found it in the Dungeon)
Missiles
 d - 9 poisoned darts (quivered)
 e - 3 curare-tipped darts
Armour
 b - a +0 robe
 c - a +0 cloak (worn)
 E - the +15 Maxwell's patent armour (worn) {-Cast -Tele rElec Will+ rCorr}
   (You found it in the Dungeon)

   rElec:     It insulates you from electricity.
   Will+:     It increases your willpower.
   -Cast:     It prevents spellcasting.
   -Tele:     It prevents most forms of teleportation.
   rCorr:     It protects you from acid and corrosion.
 F - the +18 shield of the Gong {Loud rN+ Will+ rCorr EV-5}
   (You found it in the Dungeon)

   Loud:      It is deafeningly noisy when blocking attacks.
   EV-5:      It affects your evasion (-5).
   rN+:       It protects you from negative energy.
   Will+:     It increases your willpower.
   rCorr:     It protects you from acid and corrosion.
Jewellery
 a - a ring of flight
 m - a +6 ring of dexterity
 n - a +6 ring of dexterity
 o - a +6 ring of intelligence
 p - a +6 ring of intelligence
 q - a +6 ring of strength (right grasper)
 r - a +6 ring of strength (left grasper)
Wands
 y - a wand of mindburst (7)
 C - a wand of light (7)
Scrolls
 k - 4 scrolls of blinking
 s - 4 scrolls of amnesia
 t - 7 scrolls of fog
 u - 5 scrolls of identify
 v - 2 scrolls of fear
Potions
 f - 10 potions of curing
 g - 10 potions of heal wounds
 h - 6 potions of haste
 i - 7 potions of magic
 j - 3 potions of berserk rage
 w - 2 potions of brilliance
 x - 2 potions of invisibility
 z - 4 potions of resistance
 A - a potion of experience
 B - 5 potions of might


   Skills:
 + Level 2.0 Fighting
 + Level 1.7 Short Blades
 + Level 1.7 Throwing
 + Level 0.8 Dodging
 + Level 3.2 Stealth


You couldn't memorise any spells.
You didn't know any spells.
Your spell library was empty.

Dungeon Overview and Level Annotations

Branches:
Dungeon (1/1)

Altars:
Ashenzari
Cheibriados
Dithmenos
Elyvilon
Fedhas
Gozag
Hepliaklqana
Kikubaaqudgha
Makhleb
Nemelex Xobeh
Okawaru
Qazlal
Ru
Sif Muna
Trog
Uskayaw
Vehumet
Wu Jian
Xom
Yredelemnul
Zin
The Shining One
Beogh
Jiyva
Lugonu

Annotations:
D 1 transporter


Innate Abilities, Weirdness & Mutations

You can wield a second weapon in your off-hand.
It takes a long time for you to wield or remove held weapons.
Your first few attacks do less damage.
Your first movements take longer.
You are clumsy. (Dex -2)


Message History

You finish attuning to the +11 Singing Sword {sonic wave}.
The sword says, "Hi!
I'm the Singing Sword!"
You welcome the +11 Singing Sword into your grasp.
Things that are here:
a +5 bardiche; a +5 demon trident
Things that are here:
a +5 executioner's axe; a +5 battleaxe; a +5 broad axe
Items here: [[[[[.
Items here: [[[[[[[.
Items here: [[[[[.
Things that are here:
a +5 executioner's axe; a +5 battleaxe; a +5 broad axe You feel stronger.
r - a +6 ring of strength (left grasper)
You feel stronger.
q - a +6 ring of strength (right grasper)
There is a transporter here.
Your magical contamination has completely faded away.
There is a transporter here.
Welcome to arena 1.
You enter the transporter and appear at another place.
A large abomination and an ufetubus come into view.
Visions of slaying the large abomination flood into your mind.
The ufetubus shouts!
Found a ring of ice and a +3 short sword of holy wrath.
Found a transporter.
You barely miss the ufetubus with the +11 Singing Sword.
You closely miss the ufetubus with the +16 obsidian axe.
Visions of slaying the ufetubus flood into your mind.
The ufetubus barely misses you. x2
The ufetubus hits you but does no damage. x2
You slice the ufetubus with the +16 obsidian axe!!
You are no longer entranced.
You kill the ufetubus!
Lugonu accepts your kill.
You hit the large abomination with the +16 obsidian axe.
Visions of slaying the large abomination flood into your mind.
The large abomination hits you!
Ouch! That really hurt!
You die...

▓▓▓▓▓▓▓
▓.ß©ß.▓
▓.....▓
▓.).=.▓
▓.....▓
▓...X.▓
▓..@..▓
▓▓▓▓▓▓▓


You could see a large abomination (mesmerising).

Vanquished Creatures
  An ufetubus (D)
1 creature vanquished.

Notes
Turn   | Place    | Note
-------+----------+-------------------------------------------
     0 | D        | shadowstone the Coglin Brigand began the quest for the Orb.
     0 | D        | Reached XP level 1. HP: 16/16 MP: 1/1
     0 | D        | Found a blossoming altar of Fedhas.
     0 | D        | Found the +6 Majin-Bo {spellvamp, MP+6 Int+6}
     0 | D        | Found the +27 heavy crossbow "Sniper" {heavy, Acc+∞ SInv}
     0 | D        | Found the +10 dark maul {heavy}
     0 | D        | Found the +15 Maxwell's patent armour {-Cast -Tele rElec
                  | Will+ rCorr}
     0 | D        | Found the +18 shield of the Gong {Loud rN+ Will+ rCorr
                  | EV-5}
     0 | D        | Found the +16 obsidian axe {drain, demonic, Mesm ^Drain Fly
                  | SInv}
     0 | D        | Found the +7 great mace "Firestarter" {flame, immolate,
                  | rFlCloud rF++}
     0 | D        | Found the +6 shillelagh "Devastator" {shatter}
     0 | D        | Found the +11 plutonium sword {^Contam Stlth-}
     0 | D        | Found the +8 lance "Wyrmbane" {slay drac, rPois rF+ rC+
                  | AC+3}
     0 | D        | Found the +9 sword of Zonguldrok {reap}
     0 | D        | Found the +13 scythe of Curses {drain, curses, ^Drain}
     0 | D        | Found the +9 sword of Power {lifebolt}
     0 | D        | Found the +7 mace of Variability {chaos, chaos arc}
     0 | D        | Found the +11 Singing Sword {sonic wave}
     0 | D        | Found the +8 storm bow {elec, penet}
     1 | D        | Found a transporter.
     1 | D        | Found a viscous altar of Jiyva.
     1 | D        | Found an ancient bone altar of Kikubaaqudgha.
     1 | D        | Found a hazy altar of Hepliaklqana.
     1 | D        | Found a corrupted altar of Lugonu.
     1 | D        | Found an opulent altar of Gozag.
     1 | D        | Found a burning altar of Makhleb.
     6 | D        | Found an iron altar of Okawaru.
     6 | D        | Found a stormy altar of Qazlal.
     6 | D        | Found a sparkling altar of Nemelex Xobeh.
     6 | D        | Found a sacrificial altar of Ru.
     6 | D        | Found a shimmering blue altar of Sif Muna.
    28 | D        | Became a worshipper of Lugonu the Unformed
    33 | D        | Found a bloodstained altar of Trog.
   175 | D        | Gained mutation: You are clumsy. (Dex -2) [mutagenic glow]
   230 | D        | Entered arena 2.
   230 | D        | Noticed a large abomination
   230 | D        | Found a transporter.
   232 | D        | Demolished by a large abomination

Illustrated notes

Levels and vault maps discovered:
D:        sprint_v [room_start, room_1, room_2, room_3, room_4, room_5, room_6,
          room_7, room_8, room_9, room_10, room_11, room_12, room_13, room_14,
          room_15, room_16, room_17, room_18, room_19, room_20, room_21,
          room_22, room_23, room_24, room_25, room_26, room_27]

Action                     || total
---------------------------++-------
  Melee: Broad axe         ||     2
         Double sword      ||     1
 Armour: Plate armour      ||     3
  Dodge: Dodged            ||     2

Table legend: (Time is in decaauts)
 A = Elapsed time spent in this place.
 B = Non-inter-level travel time spent in this place.
 C = Inter-level travel time spent in this place.
 D = Time resting spent in this place.
 E = Time spent auto-exploring this place.
 F = Levels seen in this place.
 G = Mean time per level.
                   A        B        C        D        E       F      G
               +--------+--------+--------+--------+--------+-----+--------+
         Total |    242 |    242 |      0 |      0 |      0 |   1 |  242.0 |
       Dungeon |    242 |    242 |      0 |      0 |      0 |   1 |  242.0 |
               +--------+--------+--------+--------+--------+-----+--------+

Top non-repeatable levels by time:
       D: 242 daAuts
